 Dungeon Crawl Stone Soup version 0.25.1-2-g60ff931df9 (webtiles) character file.

Game seed: 15763140456627410286

289 Jaqob the Sneak (level 5, -1/41 HPs)
             Began as a Demigod Assassin on Nov 9, 2020.
             Slain by an orc
             ... wielding a +0 club
              (3 damage)
             ... on level 3 of the Dungeon.
             The game lasted 00:27:25 (3124 turns).

Jaqob the Sneak (Demigod Assassin)                  Turns: 3124, Time: 00:27:32

Health: -1/41      AC:  3    Str: 14    XL:     5   Next: 82%
Magic:  7/7        EV: 15    Int: 15    God:
Gold:   117        SH:  0    Dex: 17    Spells: 4/4 levels left

rFire    . . .     SeeInvis .   i - +1 dagger (protect)
rCold    . . .     Gourm    .   (no shield)
rNeg     . . .     Faith    .   u - +0 robe
rPois    .         Spirit   .   (no helmet)
rElec    .         Reflect  .   c - +0 cloak
rCorr    .         Harm     .   (no gloves)
MR       .....                  (no boots)
Stlth    +++.......             (no amulet)
HPRegen  0.13/turn              (no ring)
MPRegen  0.10/turn              (no ring)

@: no status effects
A: repulsion field 1, clumsy 1, high mp 1
a: no special abilities


You were on level 3 of the Dungeon.
You were hungry.

You visited 1 branch of the dungeon, and saw 3 of its levels.

You collected 117 gold pieces.

Inventory:

Hand Weapons
 a - a +2 dagger
 i - a +1 dagger of protection (weapon)
 t - a +0 antimagic scythe
Missiles
 d - 22 poisoned darts
 e - 2 curare-tipped darts (quivered)
Armour
 b - a +0 robe
 c - a +0 cloak (worn)
 j - a +0 ring mail
 m - a +0 leather armour
 n - a -2 robe
 p - a +0 plate armour
 u - a +0 robe (worn)
Jewellery
 g - an uncursed ring of stealth
 s - an uncursed amulet of inaccuracy
Scrolls
 k - 2 scrolls of teleportation
Potions
 r - a potion of flight {unknown}
Comestibles
 f - 2 rations


   Skills:
 - Level 2.0 Fighting
 * Level 3.5 Short Blades
 + Level 2.9 Throwing
 + Level 2.1 Dodging
 * Level 5.1 Stealth


You had 4 spell levels left.
You didn't know any spells.
Your spell library was empty.

Dungeon Overview and Level Annotations

Branches:
Dungeon (3/15)

Annotations:
D:2 exclusion: oklob plant


Innate Abilities, Weirdness & Mutations

You have an increased reservoir of magic. (+10% MP)
You are surrounded by a mild repulsion field. (EV +2)
You are clumsy. (Dex -2)


Message History

You hit something.
Reactivating autopickup.
You feel a bit more experienced. The orc hits you but does no damage. x4
You swing at nothing.
The orc hits you but does no damage. x2
The orc hits you with a +0 club.
* * * LOW HITPOINT WARNING * * *
You swing at nothing.
The orc hits you but does no damage. x3
You swing at nothing.
The orc hits you but does no damage. x3
It was a potion of stabbing.
You feel ready to backstab.
Your transformation is almost over.
You feel yourself speed up. The orc hits you but does no damage. x4
It was a potion of cancellation.
Your magical effects are unravelling.
You feel magically purged.
You feel less wooden.
Your +0 cloak unmelds from your body.
Your +0 robe unmelds from your body.
You feel less ready to backstab. The orc hits you with a +0 club.
You die...

....# .#######.#..#
#...#
............#######
#.###
########.##........
..
##.###.....######.
#. #..........# #.
#.###..#### #..#
### #oo##...#
#@o.....# #)###...#
#.# .## #.. # ###


You could see 3 orcs.

Vanquished Creatures
  Sigmund (D:3)
  2 orc wizards (D:3)
  2 adders (D:2)
  3 oozes
  2 worms (D:2)
  A dart slug (D:1)
  2 leopard geckos (D:1)
  2 giant cockroaches
  6 goblins
  7 hobgoblins
  5 kobolds
  2 quokkas (D:2)
  9 bats
  2 frilled lizards
  5 rats
  3 fungi (D:2)
54 creatures vanquished.

Notes
Turn   | Place    | Note
-------+----------+-------------------------------------------
     0 | D:1      | Jaqob the Demigod Assassin began the quest for the Orb.
     0 | D:1      | Reached XP level 1. HP: 17/17 MP: 3/3
    79 | D:1      | Reached XP level 2. HP: 13/24 MP: 4/4
   391 | D:1      | Reached skill level 1 in Dodging
   696 | D:1      | Reached skill level 4 in Stealth
   717 | D:1      | Reached XP level 3. HP: 7/29 MP: 5/5
  1097 | D:1      | Gained mutation: You are clumsy. (Dex -2) [potion of
                  | mutation]
  1097 | D:1      | Gained mutation: You are surrounded by a mild repulsion
                  | field. (EV +2) [potion of mutation]
  1169 | D:2      | Found a blossoming altar of Fedhas.
  1191 | D:2      | Noticed an oklob plant
  2050 | D:2      | Found an ornate altar of the Wu Jian Council.
  2356 | D:2      | Reached XP level 4. HP: 36/36 MP: 6/6
  2866 | D:3      | Noticed Sigmund
  2890 | D:3      | Killed Sigmund
  2890 | D:3      | Reached skill level 5 in Stealth
  2890 | D:3      | Reached XP level 5. HP: 18/41 MP: 0/7
  3118 | D:3      | HP: 3/61 [orc/+0 club (2)]
  3124 | D:3      | Slain by an orc

Illustrated notes

Levels and vault maps discovered:
D:1:      dpeg_arrival_chambers_temple_mockup, layout_rooms, minmay_ruptured
D:2:      layout_loops_corners, tgw_fedhas, lemuel_doored_altar
D:3:      layout_loops_ring, uniq_sigmund, uniq_jessica

Skill      XL: |  1  2  3  4 |
---------------+-------------+-----
Fighting       | 2 |  2.0
Throwing       | 2 |  2.9
Dodging        | 1 2 |  2.1
Short Blades   | 2 3 |  3.5
Stealth        | 4 5 |  5.1

Action                   |  1- 3 |  4- 6 || total
-------------------------+-------+-------++-------
Melee: Dagger            |   245 |    83 ||   328
Throw: Dart              |       |     1 ||     1
  Use: Scroll            |     7 |     1 ||     8
       Potion            |     1 |     4 ||     5
 Stab: Sleeping          |    11 |     4 ||    15
  Eat: Ration            |     2 |       ||     2
Armor: Robe              |    15 |    14 ||    29
       Skin              |       |   107 ||   107
Dodge: Dodged            |    77 |    61 ||   138
